 Dungeon Crawl Stone Soup version 0.31-a0-626-g8143ab4f1d (webtiles) character file.

Game seed: 11021405540984276655

1366 Dittersdorf the Fighter (level 8, -1/64 HPs)
             Began as a Gargoyle Fighter on Aug 24, 2023.
             Slain by a hound (5 damage)
             ... on level 4 of the Dungeon.
             The game lasted 00:05:20 (4261 turns).

Dittersdorf the Fighter (Gargoyle Fighter)          Turns: 4261, Time: 00:05:20

Health: -1/64      AC: 14    Str: 22    XL:     8   Next: 65%
Magic:  17/17      EV:  9    Int:  9    God:
Gold:   1135       SH:  5    Dex:  9    Spells: 7/7 levels left

rFire   . . .        a - +1 flail
rCold   . . .        c - +0 buckler
rNeg    + . .        b - +0 scale mail
rPois   ∞            (no helmet)
rElec   +            k - +0 cloak
rCorr   .            (no gloves)
SInv    .            (no boots)
Will    .....        (no amulet) Stlth
                     p - ring of magical power
HPRegen 0.30/turn    (no ring)
MPRegen 0.15/turn

%: no passive effects
@: no status effects
A: sickness immunity, AC +5, negative energy resistance 1, electricity
resistance, torment resistance 1, petrification resistance
a: no special abilities


You were on level 4 of the Dungeon.
You visited 1 branch of the dungeon, and saw 5 of its levels.

You collected 1135 gold pieces.

Inventory:

Hand Weapons
 a - a +1 flail (weapon)
Armour
 b - a +0 scale mail (worn)
 c - a +0 buckler (worn)
 k - a +0 cloak (worn)
Jewellery
 p - a ring of magical power (left hand)
Scrolls
 e - a scroll of identify
 q - a scroll of fear
Potions
 d - 2 potions of might
 i - 2 potions of curing
 o - a potion of haste


   Skills:
 + Level 14.0 Fighting
 + Level 4.2 Maces & Flails
 + Level 5.4 Armour
 + Level 5.4 Shields


You had 7 spell levels left.
You didn't know any spells.
Your spell library contained the following spells:

 Spells                   Type           Power      Damage    Failure   Level
 Magic Dart               Conj           0%         1d3       77%         1
 Blink                    Tloc           0%         N/A       88%         2
 Lesser Beckoning         Tloc           0%         N/A       88%         2
 Momentum Strike          Conj/Tloc      0%         3d8       88%         2
 Searing Ray              Conj           0%         2d4       88%         2
 Wereblood                Tmut           0%         N/A       88%         2
 Fulminant Prism          Conj/Hex       0%         3d5       100%        4
 Irradiate                Conj/Tmut      0%         3d11      100%        5


Dungeon Overview and Level Annotations

Branches:
Dungeon (5/15)
 Temple: D:4-7

Altars:
Wu Jian

Shops:
D:1 ?   D:2 *[*[(


Innate Abilities, Weirdness & Mutations

You are immune to sickness and miasma.
Your stone body is resilient. (AC +5)
You are immune to poison.
You resist negative energy. (rN+)
You are resistant to electric shocks. (rElec)
You are resistant to unholy torment.
You are immune to petrification.


Message History

There is a stone staircase leading up here.
The hound completely misses you.
The gnoll hits you from afar with a +0 halberd.
The iguana bites you. The hound barely misses you.
You climb upwards.
There is a stone staircase leading down, spattered with blood here.
Things that are here:
a +0 giant club; an ogre corpse You block the hound's attack.
The iguana bites you!
You climb downwards.
You block the gnoll's attack.
There is a stone staircase leading up here.
The hound barely misses you.
The gnoll hits you from afar with a +0 halberd!
* * * LOW HITPOINT WARNING * * *
The hound closely misses you.
The iguana bites you but does no damage.
You climb upwards.
There is a stone staircase leading down, spattered with blood here.
Things that are here:
a +0 giant club; an ogre corpse You hit the iguana.
The iguana is moderately wounded.
You block the hound's attack. The iguana bites you.
* * * LOW HITPOINT WARNING * * *
You closely miss the iguana.
The iguana is moderately wounded.
You block the hound's attack. The hound bites you.
* * * LOW HITPOINT WARNING * * *
The iguana bites you!
* * * LOW HITPOINT WARNING * * *
You closely miss the iguana.
The iguana is moderately wounded.
The hound bites you but does no damage.
The iguana bites you but does no damage.
The hound closely misses you.
You closely miss the iguana.
The iguana is moderately wounded.
You block the hound's attack. You block the iguana's attack.
The hound bites you.
You die...

############# ............#
########..#.#
########..#.##########
.......#.......l@h...#
######.#.#.#######.#.#
.....#.#.#.###.....#.#
.#..<#.#....##.###.#.#
............##.###.#.#
.....#.#....##...#.#.#
.....#.#.#.#####.#.#.#
####.#.#...........#.#########
...?.#.#.#.#..[....#.#....>..#


You could see an iguana and a hound.

Vanquished Creatures
  Grinder (D:4)
  Sigmund (D:4)
  Edmund (D:3)
  3 ogres
  2 phantoms (D:4)
  2 hounds (D:4)
  An orc priest (D:4)
  An iguana (D:4)
  2 orc wizards
  2 gnolls (D:5)
  5 adders
  An ufetubus (D:4)
  5 worms
  2 dart slugs
  16 orcs
  7 endoplasms
  3 giant cockroaches
  6 goblins
  4 hobgoblins
  4 jackals (D:1)
  6 kobolds
  A quokka (D:3)
  5 ball pythons
  6 bats
  6 frilled lizards
  4 rats
97 creatures vanquished.

Notes
Turn   | Place    | Note
-------+----------+-------------------------------------------
     0 | D:1      | Dittersdorf the Gargoyle Fighter began the quest for the
                  | Orb.
     0 | D:1      | Reached XP level 1. HP: 14/14 MP: 1/1
   158 | D:1      | Reached XP level 2. HP: 19/19 MP: 2/2
   186 | D:1      | Found Bauzonk's Magic Scroll Boutique.
   500 | D:1      | Reached XP level 3. HP: 23/23 MP: 3/3
   945 | D:2      | Found Soihurgher's Antique Armour Shoppe.
   964 | D:2      | Identified the +6 short sword "Thing" {drain, rC+ rN+ Int+2
                  | Dex-3}
  1093 | D:2      | Found Vomean's Weapon Shoppe.
  1268 | D:2      | Found Wempan's Assorted Antiques.
  1281 | D:2      | Found Buptuch's Armour Shop.
  1286 | D:2      | Found Ybuew's General Store.
  1386 | D:2      | Reached XP level 4. HP: 29/29 MP: 4/4
  1442 | D:2      | Reached skill level 4 in Fighting
  1574 | D:3      | Found an ornate altar of the Wu Jian Council.
  1635 | D:3      | Found a faded altar of an unknown god.
  1924 | D:3      | Reached XP level 5. HP: 19/33 MP: 5/5
  2413 | D:4      | Reached skill level 13 in Fighting
  2413 | D:4      | Reached XP level 6. HP: 53/53 MP: 6/6
  2557 | D:4      | Identified a scroll of acquirement
  2557 | D:4      | Acquired 915 gold pieces
  2640 | D:4      | Noticed Grinder
  2642 | D:4      | Paralysed by Grinder for 2 turns
  2645 | D:4      | Paralysed by Grinder for 2 turns
  2657 | D:4      | Killed Grinder
  2658 | D:4      | Reached XP level 7. HP: 53/58 MP: 7/7
  3338 | D:4      | Noticed Edmund
  3339 | D:4      | Noticed Sigmund
  3364 | D:3      | Killed Edmund
  3365 | D:3      | Reached skill level 5 in Armour
  3365 | D:3      | Reached skill level 5 in Shields
  3365 | D:3      | Reached XP level 8. HP: 29/64 MP: 8/8
  3489 | D:4      | Killed Sigmund
  3868 | D:5      | Entered Level 5 of the Dungeon
  4091 | D:4      | Reached skill level 14 in Fighting
  4259 | D:4      | HP: 3/64 [iguana (9)]
  4261 | D:4      | Slain by a hound

Illustrated notes

Levels and vault maps discovered:
D:1:      sevenhm_arrival_forest_fort_small_4, layout_loops_ring, serial_shops,
          shop
D:2:      layout_basic, serial_glass, glass_columns_b, glass_columns_b,
          serial_shops, shop, nicolae_shop_just_a_little_nook, shop, shop,
          nicolae_shop_advertising_works [nicolae_subvault_shop_adworks]
D:3:      layout_loops_ring, mainiacjoe_overflow_brackets,
          hellmonk_ecumenical_altar_crossroads
D:4:      layout_basic, sigmund_edmund_badplayer, uniq_grinder
D:5:      layout_cave_pools, mainiacjoe_overflow_24_doors, serial_gnoll_camp,
          gnoll_camp_mini_shop, gnoll_camp_mini_doghouse, gnoll_camp_huts_moat,
          gnoll_camp_medium_02, gnoll_camp_mini_hut, fountainhead

Skill      XL: |  1  2  3  4  5  6  7  8 |
---------------+-------------------------+-----
Armour         | 4 5 |  5.4
Fighting       | 4 13 14 | 14.0
Shields        | 4 5 |  5.4
Maces & Flails | 3 4 |  4.2

Action                     |  1- 3 |  4- 6 |  7- 9 || total
---------------------------+-------+-------+-------++-------
  Melee: Flail             |   116 |   123 |   137 ||   376
  Evoke: Wand              |       |     2 |     8 ||    10
    Use: Scroll            |       |     9 |     2 ||    11
         Potion            |       |     1 |       ||     1
 Armour: Scale mail        |    79 |    69 |    81 ||   229
  Dodge: Dodged            |    63 |    68 |    78 ||   209
  Block: Buckler           |    26 |    27 |    45 ||    98

Table legend: (Time is in decaauts)
 A = Elapsed time spent in this place.
 B = Non-inter-level travel time spent in this place.
 C = Inter-level travel time spent in this place.
 D = Time resting spent in this place.
 E = Time spent auto-exploring this place.
 F = Levels seen in this place.
 G = Mean time per level.
                   A        B        C        D        E       F      G
               +--------+--------+--------+--------+--------+-----+--------+
         Total |   4377 |   4198 |    179 |    689 |   2662 |   5 |  875.4 |
       Dungeon |   4377 |   4198 |    179 |    689 |   2662 |   5 |  875.4 |
               +--------+--------+--------+--------+--------+-----+--------+

Top non-repeatable levels by time:
     D:4: 1665 daAuts
     D:3: 1056 daAuts
     D:2: 831 daAuts
     D:1: 753 daAuts
     D:5: 69 daAuts
